 Dungeon Crawl Stone Soup version 0.30-a0-141-g30f27751c5 (webtiles) character file.

Game seed: 7057247709610275574

241 qw the Chopper (level 6, -3/38 HPs)
             Began as a Gargoyle Fighter on Sept 25, 2022.
             Slain by a hound (5 damage)
             ... on level 4 of the Dungeon.
             The game lasted 00:01:13 (2988 turns).

qw the Chopper (Gargoyle Fighter)                   Turns: 2988, Time: 00:01:14

Health: -3/38      AC: 15    Str: 22    XL:     6   Next: 8%
Magic:  6/6        EV:  7    Int:  8    God:
Gold:   107        SH:  9    Dex:  9    Spells: 5/5 levels left

rFire   . . .      SeeInvis .    Y - +1 war axe
rCold   . . .      Faith    .    c - +0 buckler
rNeg    + . .      Spirit   .    i - +0 chain mail
rPois   inf        Reflect  +    (no helmet)
rElec   +          Harm     .    (no cloak)
rCorr   .          Rampage  .    n - +0 pair of gloves
Will    .....                    j - +0 pair of boots
Stlth   ..........               g - amulet of reflection
HPRegen 0.12/turn                (no ring)
MPRegen 0.10/turn                (no ring)

@: about to teleport
A: sickness immunity, AC +4, negative energy resistance 1, electricity
resistance, torment resistance 1, petrification resistance
a: no special abilities


You were on level 4 of the Dungeon.
You visited 1 branch of the dungeon, and saw 4 of its levels.

You collected 107 gold pieces.


Innate Abilities, Weirdness & Mutations

You are immune to sickness and miasma.
Your stone body is resilient. (AC +4)
You are immune to poison.
You resist negative energy. (rN+)
You are resistant to electric shocks. (rElec)
You are resistant to unholy torment.
You are immune to petrification.


   Skills:
 - Level 4.0 Fighting
 + Level 5.2 Axes
 - Level 3.2 Armour
 - Level 3.2 Shields


You had 5 spell levels left.
You didn't know any spells.
Your spell library was empty.

Inventory:

Hand Weapons
 e - a +0 mace
 Y - a +1 war axe (weapon)
Armour
 c - a +0 buckler (worn)
 i - a +0 chain mail (worn)
 j - a +0 pair of boots (worn)
 n - a +0 pair of gloves (worn)
Jewellery
 g - an amulet of reflection (around neck)
Scrolls
 a - a scroll of identify
Potions
 b - 2 potions of attraction
 d - a potion of might
 h - a potion of lignification
 k - a potion of heal wounds

Dungeon Overview and Level Annotations

Branches:
Dungeon (4/15)
 Temple: D:4-7

Altars:
Cheibriados

Shops:
D:1 [

Annotations:
D:2 1 runed translucent door, Crazy Yiuf


Message History

The ogre shouts!
You hear an angry hiss.
A hound comes into view.
An iguana comes into view.
You slash the hound!
The hound is severely wounded.
The hound completely misses you. The hound closely misses you.
An orc comes into view. It is wielding a +0 dagger.
The ogre barely misses you.
The orc shouts!
You hit the hound but do no damage.
The hound is severely wounded.
You completely miss the ogre.
You hear a shout!
The hound pauses to sniff the ground.
The hound bites you but does no damage.
You hit the hound but do no damage.
The hound is severely wounded.
You completely miss the ogre. The hound barely misses you.
You block the ogre's attack. The hound bites you but does no damage.
You closely miss the hound.
The hound is severely wounded.
You hit the ogre. The hound bites you but does no damage. The hound bites you.
A gnoll comes into view. It is wielding a +0 flail.
The ogre hits you with a +0 giant club!!
Ouch! That really hurt!
The iguana bites you.
The hound stops to sniff the ground.
The hound bites you.
You barely miss the hound.
The hound is severely wounded.
You slash the iguana! You barely miss the ogre. You block the hound's attack.
The ogre hits you with a +0 giant club! The iguana closely misses you.
2988 ||| READING scroll of teleportation.
As you read the scroll of teleportation, it crumbles to dust.
You feel strangely unstable. The hound bites you.
You die...

.##..........#####...#
#...#.##......#....##
#...#....#..........#
.........#..........###
#. ...................#
.##..........#..>.###
......###....#.#.#
###(..#......#####
#.......l@..#
..#.....hO.##
##...o.### .......
#...... ##g..<. #......
.......


You could see an ogre, an iguana, a hound, a gnoll and an orc.

Vanquished Creatures
  An iron imp (D:3)
  Jessica (D:2)
  Terence (D:2)
  An orc wizard (D:3)
  A river rat (D:3)
  5 adders
  3 worms
  3 dart slugs
  2 orcs (D:3)
  7 ball pythons
  5 endoplasms
  4 giant cockroaches
  A hobgoblin (D:3)
  3 jackals (D:3)
  5 quokkas
  8 bats
  5 frilled lizards
  4 goblins (D:2)
  4 kobolds
  9 rats
73 creatures vanquished.

Vanquished Creatures (others)
  2 fungi (D:2)
2 creatures vanquished.

Grand Total: 75 creatures vanquished

Notes
Turn   | Place    | Note
-------+----------+-------------------------------------------
     0 | D:1      | qw the Gargoyle Fighter began the quest for the Orb.
     0 | D:1      | Reached XP level 1. HP: 14/14 MP: 1/1
     0 | D:1      | 0 ||| qw: Version: 0.2-a-10-g399e6c4
     0 | D:1      | 0 ||| qw: Game counter: 209
     0 | D:1      | 0 ||| qw: Always use a shield: true
     0 | D:1      | 0 ||| qw: God list: Okawaru
     0 | D:1      | 0 ||| qw: Allow faded altars: false
     0 | D:1      | 0 ||| qw: Do Orc after D:15 true
     0 | D:1      | 0 ||| qw: Do second Lair branch before Depths: true
     0 | D:1      | 0 ||| qw: Lair rune preference: random
     0 | D:1      | 0 ||| qw: Plans: Normal, Zot:1-4, God:TSO, Crypt, Tomb,
                  | Pan, Slime:5, Hells, Abyss, Orb
     0 | D:1      | 0 ||| PLANNING D:1-11
    20 | D:1      | Reached skill level 2 in Axes
    59 | D:1      | Reached XP level 2. HP: 19/19 MP: 2/2
    82 | D:1      | Found a faded altar of an unknown god.
   121 | D:1      | 121 ||| Stepping ~*~*~tactically~*~*~ (hiding).
   123 | D:1      | 123 ||| Stepping ~*~*~tactically~*~*~ (hiding).
   348 | D:1      | Found Fevvafio's Armour Emporium.
   361 | D:1      | 361 ||| SHOPLISTING +0 cloak (54 gold, have 44).
   361 | D:1      | 361 ||| SHOPLISTING +0 pair of boots (54 gold, have 44).
   361 | D:1      | 361 ||| SHOPLISTING +0 plate armour of Zucull {rN+} (410
                  | gold, have 44).
   713 | D:1      | Reached skill level 3 in Axes
   753 | D:1      | 753 ||| UPGRADING to +0 pair of boots.
   758 | D:1      | 758 ||| UPGRADING to +0 pair of gloves.
   763 | D:1      | 763 ||| UPGRADING to amulet of reflection.
   768 | D:1      | 768 ||| READING scroll labelled KICUBR LUAROJO.
   769 | D:1      | 769 ||| READING scroll labelled JOXASA RUKH.
   770 | D:1      | 770 ||| READING scroll labelled ZAPNIE NIUX.
   771 | D:1      | 771 ||| READING scroll labelled OLO TAEFAG.
   772 | D:1      | 772 ||| READING scroll labelled XEUHUE NAQUAGI.
   799 | D:2      | Reached XP level 3. HP: 23/23 MP: 3/3
   871 | D:2      | 871 ||| Stepping ~*~*~tactically~*~*~ (stealth).
  1182 | D:2      | Reached XP level 4. HP: 28/28 MP: 4/4
  1202 | D:2      | Noticed Terence
  1210 | D:2      | Killed Terence
  1211 | D:2      | Reached skill level 4 in Axes
  1247 | D:2      | 1247 ||| FLEEEEING.
  1302 | D:2      | 1302 ||| FLEEEEING.
  1303 | D:2      | 1303 ||| FLEEEEING.
  1304 | D:2      | 1304 ||| FLEEEEING.
  1305 | D:2      | 1305 ||| FLEEEEING.
  1306 | D:2      | 1306 ||| FLEEEEING.
  1307 | D:2      | 1307 ||| FLEEEEING.
  1308 | D:2      | 1308 ||| FLEEEEING.
  1309 | D:2      | 1309 ||| FLEEEEING.
  1310 | D:2      | 1310 ||| FLEEEEING.
  1311 | D:2      | 1311 ||| FLEEEEING.
  1312 | D:2      | 1312 ||| FLEEEEING.
  1313 | D:2      | 1313 ||| FLEEEEING.
  1314 | D:2      | 1314 ||| FLEEEEING.
  1315 | D:2      | 1315 ||| FLEEEEING.
  1316 | D:2      | 1316 ||| FLEEEEING.
  1317 | D:2      | 1317 ||| FLEEEEING.
  1318 | D:2      | 1318 ||| FLEEEEING.
  1319 | D:2      | 1319 ||| FLEEEEING.
  1320 | D:2      | 1320 ||| FLEEEEING.
  1321 | D:2      | 1321 ||| STAIRDANCE
  1346 | D:1      | 1346 ||| UPGRADING to +0 chain mail.
  1356 | D:1      | 1356 ||| DROPPING +0 scale mail.
  1357 | D:1      | 1357 ||| READING scroll labelled DUKATZ PASIGH.
  1361 | D:1      | 1361 ||| READING scroll labelled NAMAYWNUOCK.
  1362 | D:1      | 1362 ||| READING scroll labelled DIXEYSAOLU.
  1425 | D:2      | 1425 ||| FLEEEEING.
  1525 | D:2      | Noticed Jessica
  1526 | D:2      | 1526 ||| Stepping ~*~*~tactically~*~*~ (hiding).
  1527 | D:2      | 1527 ||| Stepping ~*~*~tactically~*~*~ (hiding).
  1533 | D:2      | Killed Jessica
  1534 | D:2      | Reached XP level 5. HP: 32/32 MP: 5/5
  1666 | D:2      | Found a runed translucent door.
  1667 | D:2      | Noticed Crazy Yiuf
  1919 | D:2      | 1919 ||| DRINKING 3 ruby potions.
  1955 | D:3      | 1955 ||| PLANNING SEWER
  2333 | D:3      | 2333 ||| Stepping ~*~*~tactically~*~*~ (stealth).
  2365 | D:3      | Reached skill level 5 in Axes
  2669 | D:3      | Found a snail-covered altar of Cheibriados.
  2719 | D:3      | 2719 ||| RIP SEWER
  2722 | D:3      | 2722 ||| PLANNING D:1-11
  2736 | D:3      | 2736 ||| Stepping ~*~*~tactically~*~*~ (stealth).
  2765 | D:3      | Reached XP level 6. HP: 35/38 MP: 6/6
  2872 | D:3      | 2872 ||| DRINKING 2 clear potions.
  2873 | D:3      | 2873 ||| READING 2 scrolls of identify.
  2873 | D:3      | 2873 ||| IDENTIFYING pink potion
  2987 | D:4      | HP: 2/38 [ogre/+0 giant club (8)]
  2988 | D:4      | 2988 ||| READING scroll of teleportation.
  2988 | D:4      | Slain by a hound

Levels and vault maps discovered:
D:1:      dpeg_arrival_stonehenge_8_columns, layout_loops_ring,
          basic_ecumenical_altar, serial_shops, shop_statue
D:2:      layout_loops_ring, minmay_misc_feat_rugged, uniq_crazy_yiuf_cottage,
          uniq_terence, uniq_jessica
D:3:      layout_basic, slow_altar_2, portal_sewer_entry_e
D:4:      layout_cave_pools, gammafunk_temple_overflow_statue,
          minmay_temple_entry_statues_fountains, uniq_grinder, uniq_menkaure

Skill      XL: |  1  2  3  4  5 |
---------------+----------------+-----
Axes           | 2 3 4 5 |  5.2
Fighting       | 4 |  4.0
Armour         | |  3.2
Shields        | |  3.2

Action                   |  1- 3 |  4- 6 || total
-------------------------+-------+-------++-------
Melee: War axe           |    81 |   127 ||   208
  Use: Scroll            |     5 |     5 ||    10
       Potion            |       |     2 ||     2
Armor: Scale mail        |    36 |     2 ||    38
       Chain mail        |       |    61 ||    61
Dodge: Dodged            |    30 |    25 ||    55
Block: Buckler           |    30 |    48 ||    78

Table legend:
 A = Non-vault XP
 B = Vault XP
 C = Vault XP percentage of total XP
 D = Non-vault monster count
 E = Vault monster count
 F = Vault count percentage of total count
                 A         B        C        D         E       F
            +---------+---------+-------+---------+---------+-------
      Total |     210 |     135 |  39.1 |      62 |      11 |  15.1
            +---------+---------+-------+---------+---------+-------
        D:1 |      31 |       0 |   0.0 |      16 |       0 |   0.0
        D:2 |      64 |      73 |  53.3 |      23 |       2 |   8.0
        D:3 |     100 |      62 |  38.3 |      21 |       9 |  30.0
        D:4 |      15 |       0 |   0.0 |       2 |       0 |   0.0
            +---------+---------+-------+---------+---------+-------
